 Dungeon Crawl Stone Soup version 0.30-a0-802-gb92711bcdf (webtiles) character file.

Game seed: 17747277408808852641

99 cforsyth the Sneak (level 5, -12/32 HPs)
             Began as a Kobold Brigand on Feb 23, 2023.
             Killed by divine providence
             ... invoked by an orc priest
              (14 damage)
             ... on level 3 of the Dungeon.
             The game lasted 00:02:19 (2671 turns).

cforsyth the Sneak (Kobold Brigand)                 Turns: 2671, Time: 00:02:19

Health: -12/32     AC:  4    Str:  8    XL:     5   Next: 2%
Magic:  5/5        EV: 15    Int: 18    God:
Gold:   96         SH:  0    Dex: 19    Spells: 4/4 levels left

rFire   . . .      SeeInvis .    a - +3 dagger
rCold   . . .      Faith    .    (no shield)
rNeg    . . .      Spirit   .    b - +0 robe
rPois   .          Reflect  .    (no helmet)
rElec   .          Harm     .    c - +0 cloak
rCorr   .          Rampage  .    q - +0 pair of gloves
Will    .....                    (no boots)
Stlth   ++++                     (no amulet)
HPRegen 0.25/turn                j - +6 ring of intelligence
MPRegen 0.09/turn                v - ring of flight

@: flying
A: small, no large weapons, nightstalker 3
a: no special abilities


You were on level 3 of the Dungeon.
You visited 1 branch of the dungeon, and saw 3 of its levels.

You collected 96 gold pieces.

Inventory:

Hand Weapons
 a - a +3 dagger (weapon)
Missiles
 d - 9 poisoned darts (quivered)
 e - 3 curare-tipped darts
Armour
 b - a +0 robe (worn)
 c - a +0 cloak (worn)
 n - an orb of light
 q - a +0 pair of gloves (worn)
Jewellery
 j - a +6 ring of intelligence (left hand)
 v - a ring of flight (right hand)
Scrolls
 h - a scroll of blinking {unknown}
 l - a scroll of fog {unknown}
 m - 3 scrolls of teleportation {unknown}
 r - a scroll of fear {unknown}
 s - 3 scrolls of magic mapping {unknown}
 t - a scroll of brand weapon {unknown}
 w - a scroll of torment {unknown}
Potions
 f - a potion of experience {unknown}
 g - a potion of lignification {unknown}
 i - 3 potions of haste {unknown}
 k - 3 potions of curing {unknown}
 u - a potion of heal wounds {unknown}


   Skills:
 + Level 3.1 Fighting
 + Level 3.9 Short Blades
 - Level 2.1 Throwing
 + Level 2.6 Dodging
 + Level 6.2 Stealth


You had 4 spell levels left.
You didn't know any spells.
Your spell library contained the following spells:

 Spells                   Type           Power      Damage    Failure   Level
 Ensorcelled Hibernation  Hex/Ice        0%         N/A       32%         2
 Passwall                 Tmut/Erth      0%         N/A       32%         2
 Swiftness                Air            0%         N/A       54%         3


Dungeon Overview and Level Annotations

Branches:
Dungeon (3/15)

Altars:
Fedhas
Nemelex Xobeh
Wu Jian
Yredelemnul


Innate Abilities, Weirdness & Mutations

You are small and have problems with some larger weapons.
You are completely attuned to the shadows.


Message History

The orc priest shouts!
You barely miss the orc priest.
The orc shouts!
You hear a shout!
The orc priest barely misses you.
The orc shouts!
The ball python hisses angrily.
You barely miss the orc priest. The orc priest closely misses you.
The orc priest looks braver for a moment.
The orc closely misses you.
You hit the orc priest.
The orc priest is moderately wounded.
The orc priest calls down the wrath of Beogh upon you.
Pain shoots through your body! The orc priest closely misses you.
The orc closely misses you. The orc barely misses you.
You barely miss the orc priest.
The orc priest is moderately wounded.
The orc priest hits you but does no damage.
The orc priest invokes the aid of Beogh against you.
Beogh smites you!
* * * LOW HITPOINT WARNING * * *
The orc hits you but does no damage.
You are too injured to fight recklessly!
You are too injured to fight recklessly!
You are too injured to fight recklessly!
As you read the scroll labelled NAIQAFA YPTAGU, it crumbles to dust.
You hear a loud clanging noise!
It was a scroll of noise.
You hear an angry hiss.
The orc closely misses you.
The ball python completely misses you. x2
The orc priest closely misses you. The orc priest hits you with a +0 club.
* * * LOW HITPOINT WARNING * * *
The orc hits you with a +0 club.
* * * LOW HITPOINT WARNING * * *
The orc priest closely misses you.
As you read the scroll labelled RACAF TORI, it crumbles to dust.
It is a scroll of enchant weapon.
Your +2 dagger glows red for a moment.
The orc barely misses you. The ball python barely misses you.
The ball python misses you.
The orc priest invokes the aid of Beogh against you.
Beogh smites you!
You die...

########
.......#
.#####.#
.###...#
'#....##
.........
.........
#........
.........
#........
.........
#..ooo...
.........
#..o@o...
....##.
##.S....♣
....##..
#.#...P.
##......
#...♣..P
##.##...
#......~
##......
##.......
+.......
#.......
#....##
#...##..
...<...
#. #...#
..


You could see 3 orc priests, 2 orcs and a ball python.

Vanquished Creatures
  4 adders
  A worm (D:2)
  3 orcs (D:3)
  4 endoplasms
  7 goblins
  5 hobgoblins
  7 jackals
  2 quokkas
  4 ball pythons
  4 bats
  3 frilled lizards
  6 kobolds
  5 rats
55 creatures vanquished.

Notes
Turn   | Place    | Note
-------+----------+-------------------------------------------
     0 | D:1      | cforsyth the Kobold Brigand began the quest for the Orb.
     0 | D:1      | Reached XP level 1. HP: 12/12 MP: 1/1
   470 | D:1      | Reached XP level 2. HP: 18/18 MP: 2/2
  1323 | D:2      | Found a basalt altar of Yredelemnul.
  1434 | D:2      | Reached XP level 3. HP: 17/22 MP: 3/3
  1781 | D:2      | Reached XP level 4. HP: 27/27 MP: 4/4
  1788 | D:2      | Reached skill level 6 in Stealth
  2309 | D:3      | Found a sparkling altar of Nemelex Xobeh.
  2310 | D:3      | Found a blossoming altar of Fedhas.
  2310 | D:3      | Found a basalt altar of Yredelemnul.
  2311 | D:3      | Found an ornate altar of the Wu Jian Council.
  2650 | D:3      | Reached XP level 5. HP: 32/32 MP: 5/5
  2671 | D:3      | Killed from afar by an orc priest

Illustrated notes

Levels and vault maps discovered:
D:1:      elethiomel_arrival_infinity_welcomes_careful_drivers, layout_basic
D:2:      kennysheep_six_static_rooms, layout_loops_ring, basic_altar,
          minmay_distorted
D:3:      layout_basic, mainiacjoe_overflow_surrounded_room,
          chequers_temple_overflow_statue_of_worship, serial_bayou_pond_a,
          guppyfry_early_lair_pool

Skill      XL: |  1  2  3  4 |
---------------+-------------+-----
Short Blades   | 3 |  3.9
Dodging        | 2 |  2.6
Stealth        | 6 |  6.2
Fighting       | 3 |  3.1
Throwing       | |  2.1

Action                     |  1- 3 |  4- 6 || total
---------------------------+-------+-------++-------
  Melee: Dagger            |    77 |    70 ||   147
         Punch             |     1 |     2 ||     3
    Use: Scroll            |       |     2 ||     2
   Stab: Sleeping          |     8 |     8 ||    16
 Armour: Robe              |    15 |    10 ||    25
  Dodge: Dodged            |    36 |    61 ||    97

Table legend: (Time is in decaauts)
 A = Elapsed time spent in this place.
 B = Non-inter-level travel time spent in this place.
 C = Inter-level travel time spent in this place.
 D = Time resting spent in this place.
 E = Time spent auto-exploring this place.
 F = Levels seen in this place.
 G = Mean time per level.
                   A        B        C        D        E       F      G
               +--------+--------+--------+--------+--------+-----+--------+
         Total |   2645 |   2492 |    153 |      0 |   2151 |   3 |  881.7 |
       Dungeon |   2645 |   2492 |    153 |      0 |   2151 |   3 |  881.7 |
               +--------+--------+--------+--------+--------+-----+--------+

Top non-repeatable levels by time:
     D:1: 1142 daAuts
     D:2: 910 daAuts
     D:3: 592 daAuts
